 Dungeon Crawl Stone Soup version 0.30.0-10-gfe55d96785 (webtiles) character file.

Game seed: 2888876360450510682

179 Mune the Firebug (level 5, -11/29 HPs)
             Began as a Gargoyle Fire Elementalist on May 14, 2023.
             Mangled by Crazy Yiuf
             ... wielding a +3 quarterstaff of chaos
              (12 damage)
             ... on level 3 of the Dungeon.
             The game lasted 00:07:46 (3865 turns).

Mune the Firebug (Gargoyle Fire Elementalist)       Turns: 3865, Time: 00:07:46

Health: -11/29     AC:  9    Str: 11    XL:     5   Next: 59%
Magic:  7/10       EV: 12    Int: 18    God:
Gold:   18         SH:  0    Dex: 10    Spells: 10/11 levels left

rFire   . . .        e - +1 dagger (venom)
rCold   . . .        (no shield)
rNeg    + . .        a - +0 robe
rPois   ∞            t - +2 hat
rElec   +            i - +0 cloak
rCorr   .            (no gloves)
SInv    .            (no boots)
Will    .....        (no amulet)
Stlth   ++           (no ring)
HPRegen 0.24/turn    (no ring)
MPRegen 0.12/turn

%: no passive effects
@: no status effects
A: sickness immunity, AC +4, negative energy resistance 1, electricity
resistance, torment resistance 1, petrification resistance
a: no special abilities


You were on level 3 of the Dungeon.
You visited 1 branch of the dungeon, and saw 3 of its levels.

You collected 126 gold pieces.
You spent 108 gold pieces at shops.

Inventory:

Hand Weapons
 e - a +1 dagger of venom (weapon)
Armour
 a - a +0 robe (worn)
 i - a +0 cloak (worn)
 t - a +2 hat (worn)
Scrolls
 c - a scroll of enchant weapon {unknown}
 d - a scroll of immolation {unknown}
 f - a scroll of torment {unknown}
 g - a scroll of silence {unknown}
 h - a scroll of butterflies {unknown}
 j - a scroll of teleportation {unknown}
 k - a scroll of enchant armour
 m - 2 scrolls of fear
 o - 3 scrolls of identify
 q - a scroll of magic mapping {unknown}
 u - a scroll of noise {unknown}
Potions
 l - 2 potions of curing {unknown}
 n - a potion of haste {unknown}
 p - 2 potions of ambrosia
 r - 2 potions of attraction {unknown}
 s - a potion of degeneration {unknown}


   Skills:
 * Level 1.1 Fighting
 - Level 0.1 Short Blades
 + Level 1.8 Dodging
 - Level 2.3 Stealth
 * Level 3.5 Spellcasting
 + Level 2.6 Conjurations
 + Level 4.1 Fire Magic


You had 10 spell levels left.
You knew the following spells:

 Your Spells              Type           Power      Damage    Failure   Level
a - Foxfire               Conj/Fire      60%        2x1d7     3%          1

Your spell library contained the following spells:

 Spells                   Type           Power      Damage    Failure   Level
 Scorch                   Fire           34%        2d6       4%          2
 Sandblast                Erth           6%         2d5       16%         1
 Inner Flame              Hex/Fire       10%        N/A       21%         3
 Volatile Blastmotes      Fire/Tloc      20%        2d11      21%         3
 Passwall                 Tmut/Erth      2%         N/A       24%         2
 Stone Arrow              Conj/Erth      14%        3d7       26%         3
 Flame Wave               Conj/Fire      15%        2d7       36%         4


Dungeon Overview and Level Annotations

Branches:
Dungeon (3/15)

Altars:
Fedhas
Okawaru
Sif Muna
Wu Jian

Shops:
D:3 ?([?

Annotations:
D:3 Crazy Yiuf


Innate Abilities, Weirdness & Mutations

You are immune to sickness and miasma.
Your stone body is resilient. (AC +4)
You are immune to poison.
You resist negative energy. (rN+)
You are resistant to electric shocks. (rElec)
You are resistant to unholy torment.
You are immune to petrification.


Message History

Found a stone staircase leading down.
You see here a +0 hammer.
You see here a +2 hammer of draining.
You open the door.
There is an open translucent door here.
You conjure some foxfire!
Crazy Yiuf shouts!
You conjure some foxfire!
The foxfire hits Crazy Yiuf!
Crazy Yiuf is moderately wounded.
The foxfire hits Crazy Yiuf.
Crazy Yiuf is moderately wounded.
You conjure some foxfire!
The foxfire hits Crazy Yiuf.
Crazy Yiuf is heavily wounded.
Crazy Yiuf screams, "Candle spinner Orb Guardian!"
Crazy Yiuf closely misses you.
You conjure some foxfire!
The foxfire hits Crazy Yiuf.
Crazy Yiuf is severely wounded.
Crazy Yiuf hits you with a +3 quarterstaff of chaos!
You feel your power leaking away.
You are out of magic!
You are out of magic!
You barely miss Crazy Yiuf.
Crazy Yiuf is severely wounded.
The foxfire hits Crazy Yiuf.
Crazy Yiuf is severely wounded.
Crazy Yiuf hits you with a +3 quarterstaff of chaos!
Ouch! That really hurt!
* * * LOW HITPOINT WARNING * * *
Unknown command.
Okay, then.
Magic courses through your body.
Crazy Yiuf hits you with a +3 quarterstaff of chaos.
* * * LOW HITPOINT WARNING * * *
You feel your power leaking away.
You are too injured to fight recklessly!
Casting: Foxfire (safe; 3% risk of failure)
Confirm with . or Enter, or press ? or * to list all spells.
You conjure some foxfire!
Crazy Yiuf hits you with a +3 quarterstaff of chaos!
You die...

#.###################.#
#.##.# #.# #.# ##.##.#
#.# #.# #.)...# ..# ###
#..#### ### #..# #
##..# # #### ####...# #
### #).v### ##P...#.# #
#.# #..g@.####P))....#
# ####.#
#).v##.)#........# ##
#....# ####
###.#)P..##.# #. #...##
#########.# #. #...#
#.# #. #...# #####
####.###. # #...#
#...########.....##. #
#...#
#...##........##.#.. #
#...#
#...#...#.....##.#..


You could see Crazy Yiuf (ally target).

Vanquished Creatures
  Terence (D:1)
  Robin (D:2)
  8 adders
  A worm (D:2)
  An orc (D:3)
  4 endoplasms
  3 giant cockroaches
  16 goblins
  5 hobgoblins
  2 quokkas
  6 ball pythons
  4 bats
  5 frilled lizards
  5 kobolds
  5 rats
67 creatures vanquished.

Vanquished Creatures (collateral kills)
  2 foxfires (D:3)
2 creatures vanquished.

Vanquished Creatures (others)
  305 foxfires
305 creatures vanquished.

Grand Total: 374 creatures vanquished

Notes
Turn   | Place    | Note
-------+----------+-------------------------------------------
     0 | D:1      | Mune the Gargoyle Fire Elementalist began the quest for the
                  | Orb.
     0 | D:1      | Reached XP level 1. HP: 10/10 MP: 3/3
   501 | D:1      | Reached XP level 2. HP: 15/15 MP: 1/5
  1282 | D:2      | Noticed Terence
  1285 | D:2      | Reached XP level 3. HP: 19/19 MP: 2/6
  1299 | D:1      | Killed Terence
  1367 | D:2      | Reached XP level 4. HP: 16/24 MP: 3/7
  1910 | D:2      | Reached skill level 4 in Fire Magic
  2090 | D:2      | Reached XP level 5. HP: 27/28 MP: 4/9
  2537 | D:2      | Noticed Robin
  2543 | D:2      | Reached skill level 1 in Fighting
  2558 | D:2      | Killed Robin
  2798 | D:3      | Found Ussoc's Weapon Emporium.
  2810 | D:3      | Found Sasoov's Magic Scroll Shoppe.
  2879 | D:3      | Bought a scroll of identify for 26 gold pieces
  2879 | D:3      | Bought a scroll of identify for 26 gold pieces
  2924 | D:3      | Found a shimmering blue altar of Sif Muna.
  3037 | D:3      | Found Ufukum's Assorted Antiques.
  3277 | D:3      | Found an iron altar of Okawaru.
  3358 | D:3      | Found Giureffamp's Magic Scroll Shoppe.
  3366 | D:3      | Bought a scroll of identify for 28 gold pieces
  3366 | D:3      | Bought a scroll of identify for 28 gold pieces
  3408 | D:3      | Found Bin Huceu's Armour Emporium.
  3489 | D:3      | Found an ornate altar of the Wu Jian Council.
  3663 | D:3      | Found a blossoming altar of Fedhas.
  3677 | D:3      | Identified the +0 leather armour "Damnable Contraption"
                  | {rC+ Str+2}
  3759 | D:3      | Found a runed translucent door.
  3760 | D:3      | Noticed Crazy Yiuf
  3864 | D:3      | HP: 1/29 [Crazy Yiuf/+3 quarterstaff of chaos (4)]
  3865 | D:3      | Mangled by Crazy Yiuf

Illustrated notes

Levels and vault maps discovered:
D:1:      tekkud_arrival_beachfront_property, layout_basic,
          chequers_serial_rivers_small_a
D:2:      layout_loops_cross, uniq_robin, uniq_terence
D:3:      layout_basic, okawaru_ov_weapons_minmay, mainiacjoe_overflow_alcove_2,
          mainiacjoe_overflow_six_doors_small, nicolae_wu_jian_wuxing_cycle,
          serial_shops, shop, nicolae_shop_peninsula, nicolae_square_shop,
          shop_scrolls, shop, hex_intersection, uniq_crazy_yiuf_cottage

Skill      XL: |  1  2  3  4  5 |
---------------+----------------+-----
Conjurations   | 2 |  2.6
Spellcasting   | 3 |  3.5
Fire Magic     | 4 |  4.1
Fighting       | 1 |  1.1
Short Blades   | |  0.1
Dodging        | |  1.8
Stealth        | |  2.3

Action                     |  1- 3 |  4- 6 || total
---------------------------+-------+-------++-------
  Melee: Dagger            |    34 |    16 ||    50
   Cast: Foxfire           |    56 |   131 ||   187
    Use: Scroll            |       |     3 ||     3
         Potion            |       |     1 ||     1
 Armour: Robe              |    12 |     9 ||    21
  Dodge: Dodged            |    23 |    20 ||    43
